[ AOE2 MATCH · #474355852 ]
Team RMVietnamese vs Magyars
[ REPLAY ANALYSIS · EXTRACTED FROM THE RECORDED GAME ]
Feudal
15:04
Castle
—
Imperial
—
| APM avg | 21.5 |
| APM peak | 50 |
| eAPM avg | 8.2 |
| Villagers / military | 25 / 5 |
Focus
⚔️ 11.4% · 🌾 88.6%
Spearman ×5
Feudal
13:58
Castle
—
Imperial
—
| APM avg | 23.6 |
| APM peak | 44 |
| eAPM avg | 9.7 |
| Villagers / military | 34 / 8 |
Focus
⚔️ 10.8% · 🌾 89.2%
Fishing Ship ×12 · Scout Cavalry ×5 · Archer ×3
Feudal
14:43
Castle
—
Imperial
—
| APM avg | 19.1 |
| APM peak | 43 |
| eAPM avg | 8.0 |
| Villagers / military | 30 / 2 |
Focus
⚔️ 11.0% · 🌾 89.0%
Fishing Ship ×12 · Spearman ×2
Feudal
15:01
Castle
—
Imperial
—
| APM avg | 23.8 |
| APM peak | 51 |
| eAPM avg | 11.9 |
| Villagers / military | 28 / 13 |
Focus
⚔️ 25.2% · 🌾 74.8%
Fishing Ship ×18 · Scout Cavalry ×9 · Demolition Raft ×4
Match map
Initial resources + every placement click. Lines = walls · curves = elevation contours. ◆ gold · ⬟ stone · ● berries · ✦ relic · ◌ wall gap
Your base· Open — unwalled flank
Kabun's base· Open — 15t gap
slayopatra's base· Open — unwalled flank
TreePac ツ's base· Open — 12t gap
Smoothed initial terrain · ◌ = detected wall gap · hover for details
Inputs per minute
— Marton - - Kabun
Build order — Marton
65 actions detected in the replay
| 1:23 | Build | Town Center |
| 1:58 | Build | House |
| 2:37 | Build | House |
| 3:06 | Build | House |
| 3:15 | Create | Villager (Male) |
| 3:15 | Create | Villager (Male) |
| 3:16 | Create | Villager (Male) |
| 3:16 | Create | Villager (Male) |
| 4:07 | Build | Lumber Camp |
| 4:36 | Create | Villager (Male) |
| 4:37 | Research | Loom |
| 5:02 | Create | Villager (Male) |
| 5:28 | Create | Villager (Male) |
| 5:52 | Create | Villager (Male) |
| 6:59 | Create | Villager (Male) |
| 7:35 | Create | Villager (Male) |
| 8:19 | Create | Villager (Male) |
| 8:19 | Create | Villager (Male) |
| 8:55 | Create | Villager (Male) |
| 9:01 | Create | Villager (Male) |
| 9:02 | Create | Villager (Male) |
| 9:16 | Create | Villager (Male) |
| 9:38 | Build | Mill |
| 9:54 | Create | Villager (Male) |
| 9:55 | Create | Villager (Male) |
| 10:20 | Create | Villager (Male) |
| 10:22 | Create | Villager (Male) |
| 10:27 | Build | House |
| 10:30 | Build | House |
| 11:09 | Create | Villager (Male) |
| 11:32 | Build | Palisade Wall |
| 12:00 | Research | Feudal Age |
| 12:30 | Build | Palisade Gate |
| 12:33 | Build | Palisade Wall |
| 12:37 | Build | Palisade Wall |
| 13:07 | Build | Barracks |
| 13:43 | Build | Barracks |
| 15:04 | Age | Feudal Age |
| 15:05 | Research | Double-Bit Axe |
| 15:06 | Research | Horse Collar |
| 15:12 | Build | Market |
| 15:21 | Build | Blacksmith |
| 15:25 | Create | Spearman ×5 |
| 15:43 | Research | Wheelbarrow |
| 15:46 | Create | Villager (Male) |
| 16:19 | Build | Stone Wall |
| 16:34 | Create | Villager (Male) |
| 17:00 | Build | Mining Camp |
| 17:02 | Create | Villager (Male) |
| 17:02 | Create | Villager (Male) |
| 17:04 | Research | Town Watch |
| 17:11 | Build | Farm |
| 17:11 | Build | Farm |
| 17:12 | Build | Farm |
| 17:18 | Build | Farm |
| 17:22 | Build | Farm |
| 17:24 | Build | Farm |
| 18:16 | Build | Stone Wall |
| 18:24 | Build | Stone Wall |
| 18:48 | Build | Farm |
| 18:48 | Build | Farm |
| 18:57 | Build | Gate |
| 19:18 | Build | Gate |
| 19:34 | Build | Stone Wall |
| 20:35 | Build | Mining Camp |
Build order — Kabun
73 actions detected in the replay
| 1:58 | Build | Town Center |
| 3:16 | Build | Dock |
| 3:58 | Create | Villager (Male) |
| 3:58 | Create | Villager (Male) |
| 3:59 | Create | Villager (Male) |
| 3:59 | Create | Villager (Male) |
| 4:56 | Build | House |
| 5:06 | Research | Loom |
| 5:07 | Create | Villager (Male) |
| 5:08 | Create | Villager (Male) |
| 5:08 | Create | Villager (Male) |
| 5:14 | Build | House |
| 6:25 | Create | Villager (Male) |
| 6:25 | Create | Villager (Male) |
| 7:09 | Create | Villager (Male) |
| 8:03 | Create | Villager (Male) |
| 8:03 | Create | Villager (Male) |
| 8:06 | Create | Villager (Male) |
| 8:39 | Build | House |
| 8:45 | Build | House |
| 8:52 | Create | Villager (Male) |
| 9:11 | Create | Villager (Male) |
| 9:43 | Create | Villager (Male) |
| 10:04 | Create | Villager (Male) |
| 10:38 | Create | Villager (Male) |
| 10:40 | Create | Villager (Male) |
| 10:59 | Build | Lumber Camp |
| 11:41 | Research | Feudal Age |
| 12:15 | Build | Mill |
| 12:19 | Create | Villager (Male) |
| 12:20 | Create | Villager (Male) |
| 12:46 | Create | Fishing Ship |
| 12:55 | Create | Fishing Ship |
| 13:08 | Build | House |
| 13:11 | Build | House |
| 13:58 | Age | Feudal Age |
| 14:15 | Build | Barracks |
| 14:27 | Build | House |
| 14:34 | Create | Villager (Male) |
| 14:35 | Create | Villager (Male) |
| 14:36 | Create | Villager (Male) |
| 14:37 | Create | Villager (Male) |
| 14:43 | Create | Fishing Ship |
| 15:28 | Create | Fishing Ship |
| 15:55 | Create | Villager (Male) |
| 15:56 | Create | Villager (Male) |
| 16:43 | Build | House |
| 16:47 | Build | House |
| 16:56 | Build | Palisade Wall |
| 17:16 | Build | Archery Range |
| 17:55 | Create | Villager (Male) |
| 17:55 | Create | Villager (Male) |
| 17:56 | Create | Villager (Male) |
| 17:56 | Create | Villager (Male) |
| 18:12 | Create | Fishing Ship ×5 |
| 18:27 | Create | Archer |
| 18:27 | Create | Archer |
| 18:27 | Create | Archer |
| 18:39 | Build | Stable |
| 18:47 | Research | Double-Bit Axe |
| 19:20 | Build | House |
| 19:26 | Create | Villager (Male) |
| 19:26 | Create | Villager (Male) |
| 19:32 | Research | Tech 906 |
| 19:33 | Create | Fishing Ship ×3 |
| 19:54 | Research | Bloodlines |
| 19:55 | Create | Scout Cavalry ×5 |
| 20:22 | Create | Villager (Male) |
| 20:30 | Research | Horse Collar |
| 20:38 | Build | Farm |
| 20:39 | Build | Farm |
| 20:39 | Build | Farm |
| 20:40 | Build | Farm |
Build order — slayopatra
68 actions detected in the replay
| 0:29 | Build | Town Center |
| 1:30 | Build | Dock |
| 2:44 | Create | Villager (Male) |
| 2:44 | Create | Villager (Male) |
| 2:45 | Create | Villager (Male) |
| 2:45 | Create | Villager (Male) |
| 2:45 | Create | Villager (Male) |
| 2:45 | Create | Villager (Male) |
| 3:20 | Create | Fishing Ship |
| 4:30 | Research | Loom |
| 4:39 | Create | Fishing Ship |
| 4:44 | Build | House |
| 4:49 | Create | Villager (Male) |
| 4:49 | Create | Villager (Male) |
| 5:31 | Create | Fishing Ship |
| 5:42 | Create | Villager (Male) |
| 5:42 | Create | Villager (Male) |
| 6:08 | Create | Fishing Ship |
| 6:13 | Build | House |
| 6:40 | Create | Villager (Male) |
| 6:40 | Create | Villager (Male) |
| 6:40 | Create | Villager (Male) |
| 7:29 | Create | Fishing Ship |
| 7:30 | Create | Fishing Ship |
| 7:59 | Create | Villager (Male) |
| 8:00 | Create | Villager (Male) |
| 8:00 | Create | Villager (Male) |
| 8:00 | Create | Villager (Male) |
| 8:50 | Create | Fishing Ship |
| 8:51 | Create | Fishing Ship |
| 8:58 | Build | House |
| 9:00 | Build | House |
| 9:29 | Create | Villager (Male) |
| 9:29 | Create | Villager (Male) |
| 9:30 | Create | Villager (Male) |
| 9:30 | Create | Villager (Male) |
| 10:07 | Build | Mill |
| 11:35 | Create | Fishing Ship |
| 11:35 | Create | Fishing Ship |
| 11:42 | Create | Villager (Male) |
| 11:43 | Create | Villager (Male) |
| 11:56 | Build | House |
| 11:58 | Build | House |
| 12:21 | Build | House |
| 12:24 | Create | Villager (Male) |
| 12:27 | Research | Feudal Age |
| 13:25 | Build | Dock |
| 13:33 | Create | Villager (Male) |
| 13:33 | Create | Villager (Male) |
| 13:42 | Build | House |
| 13:45 | Build | House |
| 14:43 | Age | Feudal Age |
| 14:52 | Build | Lumber Camp |
| 15:03 | Build | Barracks |
| 15:17 | Create | Villager (Male) |
| 15:22 | Research | Tech 906 |
| 15:24 | Create | Fishing Ship |
| 15:24 | Create | Fishing Ship |
| 16:50 | Create | Spearman |
| 16:50 | Create | Spearman |
| 17:19 | Build | Mining Camp |
| 17:25 | Create | Villager (Male) |
| 17:25 | Create | Villager (Male) |
| 17:28 | Create | Villager (Male) |
| 17:35 | Build | Market |
| 17:38 | Build | Blacksmith |
| 18:39 | Research | Castle Age |
| 19:38 | Build | Mining Camp |
Build order — TreePac ツ
89 actions detected in the replay
| 0:51 | Build | Town Center |
| 1:28 | Build | Dock |
| 1:36 | Build | House |
| 2:24 | Build | House |
| 3:00 | Create | Villager (Male) |
| 3:01 | Create | Villager (Male) |
| 3:01 | Create | Villager (Male) |
| 3:14 | Create | Villager (Male) |
| 4:33 | Create | Fishing Ship |
| 4:47 | Create | Villager (Male) |
| 5:21 | Create | Villager (Male) |
| 5:43 | Create | Fishing Ship |
| 6:05 | Create | Villager (Male) |
| 6:28 | Build | House |
| 6:34 | Create | Fishing Ship |
| 6:38 | Create | Villager (Male) |
| 6:57 | Create | Fishing Ship |
| 7:13 | Create | Villager (Male) |
| 7:40 | Create | Villager (Male) |
| 7:42 | Create | Fishing Ship |
| 8:08 | Create | Villager (Male) |
| 8:30 | Create | Villager (Male) |
| 8:32 | Create | Fishing Ship |
| 8:38 | Build | House |
| 8:57 | Build | Mining Camp |
| 9:00 | Create | Villager (Male) |
| 9:18 | Build | House |
| 9:19 | Create | Fishing Ship |
| 9:30 | Build | House |
| 9:34 | Create | Villager (Male) |
| 9:38 | Create | Villager (Male) |
| 10:06 | Create | Villager (Male) |
| 10:27 | Create | Fishing Ship |
| 10:30 | Build | House |
| 10:32 | Build | House |
| 10:56 | Create | Villager (Male) |
| 11:04 | Create | Fishing Ship |
| 11:23 | Create | Fishing Ship |
| 11:24 | Create | Fishing Ship |
| 11:30 | Create | Villager (Male) |
| 11:50 | Create | Villager (Male) |
| 12:17 | Create | Villager (Male) |
| 12:30 | Build | Dock |
| 12:35 | Create | Villager (Male) |
| 12:51 | Research | Feudal Age |
| 12:59 | Build | Barracks |
| 13:08 | Build | Palisade Gate |
| 13:22 | Create | Fishing Ship |
| 13:31 | Build | Palisade Wall |
| 13:42 | Create | Villager (Male) |
| 13:42 | Create | Villager (Male) |
| 13:57 | Create | Fishing Ship |
| 14:13 | Create | Fishing Ship |
| 14:35 | Create | Villager (Male) |
| 14:41 | Create | Villager (Male) |
| 15:01 | Age | Feudal Age |
| 15:03 | Build | Stable |
| 15:21 | Build | Stable |
| 15:25 | Create | Villager (Male) |
| 15:43 | Build | House |
| 15:45 | Build | House |
| 15:46 | Build | House |
| 15:54 | Create | Scout Cavalry |
| 16:10 | Build | Blacksmith |
| 16:20 | Build | Palisade Gate |
| 16:25 | Create | Scout Cavalry |
| 16:26 | Create | Scout Cavalry |
| 16:26 | Create | Scout Cavalry |
| 16:36 | Create | Villager (Male) |
| 16:42 | Build | Lumber Camp |
| 16:46 | Create | Scout Cavalry |
| 16:52 | Research | Forging |
| 16:53 | Research | Scale Barding Armor |
| 17:13 | Create | Scout Cavalry |
| 17:14 | Create | Scout Cavalry |
| 17:27 | Create | Villager (Male) |
| 17:39 | Create | Scout Cavalry |
| 17:40 | Create | Scout Cavalry |
| 18:05 | Create | Demolition Raft |
| 18:08 | Create | Demolition Raft |
| 18:11 | Create | Demolition Raft |
| 18:12 | Create | Demolition Raft |
| 18:21 | Create | Fishing Ship |
| 18:21 | Create | Fishing Ship |
| 18:22 | Research | Tech 906 |
| 18:28 | Create | Fishing Ship |
| 18:29 | Create | Fishing Ship |
| 20:26 | Research | Castle Age |
| 21:06 | Build | Stable |
Match timeline
| 1:28 | TreePac ツ · first_building Dock |
| 1:30 | slayopatra · first_building Dock |
| 3:16 | Kabun · first_building Dock |
| 11:32 | Marton · wall_segment Palisade Wall x8 |
| 12:33 | Marton · wall_segment Palisade Wall x1 |
| 12:37 | Marton · wall_segment Palisade Wall x10 |
| 12:59 | TreePac ツ · first_building Barracks |
| 13:07 | Marton · first_building Barracks |
| 13:31 | TreePac ツ · wall_segment Palisade Wall x1 |
| 13:58 | Kabun · age_up feudal |
| 14:15 | Kabun · first_building Barracks |
| 14:43 | slayopatra · age_up feudal |
| 15:01 | TreePac ツ · age_up feudal |
| 15:03 | slayopatra · first_building Barracks |
| 15:03 | TreePac ツ · first_building Stable |
| 15:04 | Marton · age_up feudal |
| 16:19 | Marton · wall_segment Stone Wall x17 |
| 16:56 | Kabun · wall_segment Palisade Wall x5 |
| 17:16 | Kabun · first_building Archery Range |
| 18:16 | Marton · wall_segment Stone Wall x6 |
| 18:23 | slayopatra · first_market_sell 100 food |
| 18:24 | Marton · wall_segment Stone Wall x11 |
| 18:39 | Kabun · first_building Stable |
| 19:34 | Marton · wall_segment Stone Wall x5 |
| 19:43 | Marton · first_market_sell 100 wood |
| 21:04 | Marton · resign |
[ AI ANALYSIS · 1 CREDIT ]
What really happened in this match?
Wolo.gg analyzes every decision: build order, eco, micro, common mistakes by bracket. Personalized analysis on WhatsApp or Discord in 30 seconds.
Civ guide
Vietnamese
Map guide
Nomad
Perfil
Jugador #6207737